 Dungeon Crawl Stone Soup version 0.29-a0-1052-g6990b1bffc (webtiles) character file.

Game seed: 10937028164600456424

204 Zeldest the Chopper (level 5, 0/47 HPs)
             Began as a Ghoul Monk on Aug 18, 2022.
             Was a Believer of Makhleb.
             Killed by divine providence
             ... invoked by an orc priest
              (12 damage)
             ... on level 4 of the Dungeon.
             The game lasted 00:05:39 (3760 turns).

Zeldest the Chopper (Ghoul Monk)                    Turns: 3760, Time: 00:05:40

Health: 0/47       AC:  4    Str: 17    XL:     5   Next: 82%
Magic:  4/4        EV: 12    Int:  5    God:    Makhleb [**....]
Gold:   230        SH:  0    Dex: 11    Spells: 4/4 levels left

rFire   . . .      SeeInvis .   a - +0 hand axe
rCold   + . .      Faith    .   (no shield)
rNeg    + + +      Spirit   .   r - +0 leather armour
rPois   ∞          Reflect  .   (no helmet)
rElec   .          Harm     .   (no cloak)
rCorr   .          Rampage  .   (no gloves)
Will    .....                   f - +0 pair of boots
Stlth   ++........              o - amulet of the acrobat
HPRegen 0.00/turn               (no ring)
MPRegen 0.09/turn               (no ring)

@: inhibited regen
A: claws 1, cold resistance 1, negative energy resistance 3, inhibited
regeneration, torment resistance 2, devour on kill
a: Renounce Religion, Minor Destruction


You were on level 4 of the Dungeon.
You worshipped Makhleb.
Makhleb was pleased with you.
You visited 2 branches of the dungeon, and saw 5 of its levels.

You collected 230 gold pieces.

Inventory:

Hand Weapons
 a - a +0 hand axe (weapon)
Armour
 f - a +0 pair of boots (worn)
 r - a +0 leather armour (worn)
Jewellery
 o - an amulet of the acrobat (around neck)
Scrolls
 d - a scroll of brand weapon {unknown}
 g - a scroll of enchant armour {unknown}
 h - 4 scrolls of magic mapping
 i - a scroll of identify
 j - a scroll of teleportation {unknown}
 k - a scroll of blinking {unknown}
 m - 3 scrolls of torment {unknown}
 q - a scroll of poison {unknown}
Potions
 b - a potion of magic {unknown}
 c - a potion of ambrosia
 e - 4 potions of curing
 l - a potion of resistance {unknown}
 n - a potion of brilliance
 p - a potion of invisibility {unknown}


   Skills:
 + Level 4.4 Fighting
 * Level 4.5 Axes
 + Level 2.2 Armour
 - Level 2.6 Dodging
 - Level 2.1 Stealth
 + Level 0.0 Invocations


You had 4 spell levels left.
You didn't know any spells.
Your spell library contained the following spells:

 Spells                   Type           Power      Damage    Failure   Level
 Apportation              Tloc           0%         N/A       54%         1
 Necrotise                Necr           0%         1d4       54%         1
 Shock                    Conj/Air       0%         1d3       54%         1
 Summon Small Mammal      Summ           0%         N/A       54%         1
 Ozocubu's Armour         Ice            0%         N/A       88%         3
 Swiftness                Air            0%         N/A       88%         3
 Airstrike                Air            0%         2d(0-16)  99%         4
 Metabolic Englaciation   Hex/Ice        0%         N/A       100%        5
 Simulacrum               Ice/Necr       0%         N/A       100%        6


Dungeon Overview and Level Annotations

Branches:
Dungeon (4/15)             Temple (1/1) D:4

Altars:
Ashenzari
Dithmenos
Fedhas
Gozag
Hepliaklqana
Makhleb
Nemelex Xobeh
Okawaru
Qazlal
Ru
Sif Muna
Vehumet
Wu Jian
Xom
Yredelemnul

Annotations:
D:3 exclusion: kobold, Grinder, Sigmund
Temple 2 transporters


Innate Abilities, Weirdness & Mutations

You are immune to poison.
You have sharp fingernails.
Your flesh is cold resistant. (rC+)
You are immune to negative energy. (rN+++)
You do not regenerate when monsters are visible.
You are immune to unholy pain and torment.
You thrive by killing the living.


Message History

The orc hits you from afar with a +0 spear.
The orc completely misses you. The orc completely misses you.
The orc priest hits you with a +0 dagger.
You barely miss the orc priest. You hit the orc.
The orc priest closely misses you. The orc hits you with a +0 spear.
You barely miss the orc priest. You hit the orc. The orc closely misses you.
The orc priest closely misses you.
You barely miss the orc priest. You hit the orc.
You kill the orc!
Makhleb accepts your kill.
The orc priest hits you but does no damage.
You hit the orc priest.
The orc priest is lightly wounded.
The orc priest misses you.
You hit the orc priest.
The orc priest is heavily wounded.
The orc priest hits you with a +0 dagger.
You hit the orc priest but do no damage.
The orc priest is heavily wounded.
The orc priest hits you but does no damage.
You hit the orc priest but do no damage.
The orc priest is heavily wounded.
The orc priest hits you but does no damage.
You barely miss the orc priest.
The orc priest is heavily wounded.
The orc priest hits you with a +0 dagger.
You barely miss the orc priest.
The orc priest is heavily wounded.
The orc priest invokes the aid of Beogh against you.
Beogh smites you!
* * * LOW HITPOINT WARNING * * *
You hit the orc priest.
The orc priest is severely wounded.
The orc priest closely misses you.
You closely miss the orc priest.
The orc priest is severely wounded.
The orc priest invokes the aid of Beogh against you.
Beogh smites you!
You die...

......##.....#.#..########
.....##.......#..## ##..
..##..........##...####..#
............#.#..#........
.##..).....#.#.##........
##..#)..###.#.....##...#
#......###....##.####..#
....##...)....#...# #..#
..#.#.[.o@.......### ##.# . #
#............# #.#
..............## #.# (
...................#######.#
##.##.........................#.#
..#.........####.#.###..........#
......#...######...###.........##
..#...........h....>##.........#
#.....>##......................#


You could see an orc priest.

Vanquished Creatures
  A scorpion (Temple)
  4 adders
  3 dart slugs
  6 orcs
  8 ball pythons
  4 endoplasms
  3 giant cockroaches
  12 goblins
  6 hobgoblins
  9 jackals
  4 quokkas
  6 bats
  3 frilled lizards
  6 kobolds
  24 rats
99 creatures vanquished.

Notes
Turn   | Place    | Note
-------+----------+-------------------------------------------
     0 | D:1      | Zeldest the Ghoul Monk began the quest for the Orb.
     0 | D:1      | Reached XP level 1. HP: 19/19 MP: 0/0
   181 | D:1      | Reached XP level 2. HP: 14/26 MP: 1/1
   446 | D:1      | Reached XP level 3. HP: 30/31 MP: 2/2
   473 | D:1      | Reached skill level 1 in Armour
   683 | D:1      | Found a faded altar of an unknown god.
  1112 | D:2      | Reached XP level 4. HP: 24/40 MP: 3/3
  2290 | D:3      | Noticed Sigmund
  2470 | D:3      | Reached XP level 5. HP: 40/46 MP: 4/4
  2591 | D:3      | Found an opulent altar of Gozag.
  2592 | D:3      | Noticed Grinder
  2598 | D:3      | Paralysed by Grinder for 3 turns
  2829 | D:4      | Noticed a black bear
  3328 | D:4      | Found a staircase to the Ecumenical Temple.
  3338 | Temple   | Entered the Ecumenical Temple
  3338 | Temple   | Found a transporter.
  3338 | Temple   | Found a transporter.
  3352 | Temple   | HP: 2/46 [scorpion (5)]
  3366 | Temple   | Found a transporter.
  3366 | Temple   | Found a transporter.
  3380 | Temple   | Became a worshipper of Makhleb the Destroyer
  3380 | Temple   | Reached * piety under Makhleb
  3380 | Temple   | Reached ** piety under Makhleb
  3726 | D:4      | Noticed an ogre
  3760 | D:4      | Killed from afar by an orc priest

Illustrated notes

Levels and vault maps discovered:
D:1:      moated_graveyard_arrival, layout_loops_ring, serial_glass,
          glass_columns_a, glass_columns_a, basic_ecumenical_altar
D:2:      layout_loops_ring
D:3:      layout_basic, amcnicky_altar_gilded, minmay_rat_hole, uniq_grinder,
          uniq_sigmund
D:4:      layout_rooms, minmay_temple_entry_purple_smoke, minmay_distorted
Temple:   hellmonk_temple_divided_pantheon

Skill      XL: |  1  2  3  4  5 |
---------------+----------------+-----
Axes           | 3 4 |  4.5
Armour         | 1 2 |  2.2
Fighting       | 4 |  4.4
Dodging        | |  2.6
Stealth        | |  2.1

Action                   |  1- 3 |  4- 6 || total
-------------------------+-------+-------++-------
Melee: Hand axe          |   121 |   203 ||   324
  Use: Scroll            |       |     4 ||     4
       Potion            |       |     5 ||     5
 Stab: Sleeping          |     4 |     4 ||     8
Armor: Robe              |    22 |    13 ||    35
       Leather armour    |       |    31 ||    31
Dodge: Dodged            |    92 |   168 ||   260

Table legend: (Time is in decaauts)
 A = Elapsed time spent in this place.
 B = Non-inter-level travel time spent in this place.
 C = Inter-level travel time spent in this place.
 D = Time resting spent in this place.
 E = Time spent auto-exploring this place.
 F = Levels seen in this place.
 G = Mean time per level.
                   A        B        C        D        E       F      G
               +--------+--------+--------+--------+--------+-----+--------+
         Total |   3760 |   3602 |    158 |   1154 |   1451 |   5 |  752.0 |
       Dungeon |   3511 |   3362 |    149 |    970 |   1451 |   4 |  877.8 |
        Temple |    248 |    239 |      9 |    184 |      0 |   1 |  248.0 |
               +--------+--------+--------+--------+--------+-----+--------+

Top non-repeatable levels by time:
     D:3: 1057 daAuts
     D:1: 1048 daAuts
     D:2: 1041 daAuts
     D:4: 363 daAuts
  Temple: 248 daAuts
